AoeStats
← Jeeba Deebs

Lombardia

507905180Analyzed
2v2 RM · 12d ago on Sep 20, 2026· 36m 45s· 4 players
Game mode
Random Map
Map size
Medium (4 player)
Population
200
Speed
Normal
Resources
Standard
Victory
Conquest
Starting age
Dark Age
Ending age
Imperial Age
RankedLock teamsTeams togetherTeam positionsShared explorationLock speedFull tech treeHidden civsTurbo modeCheats
Victory
Defeat
🇺🇸 Malay · United States
939
+19
🇺🇸 Bulgarians · United States
914
+19
🇨🇦 Britons · Canada
1000
-59
🇨🇦 Lithuanians · Canada
995
-19
Jolly
8:35 Feudal Age
8:20 Loom
10:03 Double-Bit Axe
20:09 Castle Age
18:02 Gold Mining
18:00 Horse Collar
19:52 Bloodlines
19:49 Scale Barding Armor
19:43 Fletching
20:47 Forging
20:40 Fletching
Jeeba Deebs
8:46 Loom
11:25 Feudal Age
14:50 Double-Bit Axe
15:50 Gold Mining
15:52 Stone Mining
17:27 Horse Collar
17:59 Fletching
20:16 Padded Archer Armor
20:27 Forging
21:54 Wheelbarrow
26:50 Castle Age
27:41 Squires
27:03 Pikeman
27:29 Arson
27:30 Gambesons
27:51 Bodkin Arrow
28:18 Hand Cart
28:44 Heavy Plow
29:12 Bow Saw
30:18 Gold Shaft Mining
rosa sharts
0:55 Loom
10:47 Feudal Age
11:14 Horse Collar
11:21 Double-Bit Axe
17:25 Gold Mining
pedro bismol
11:32 Feudal Age
9:50 Loom
11:36 Feudal Age
18:42 Castle Age
18:18 Double-Bit Axe
20:55 Wheelbarrow
21:45 Husbandry
Connection lost

Rejoining the realm…

Still unreachable

The connection could not be restored.

Session expired

The server has moved on; the page needs a fresh start.